 Dungeon Crawl Stone Soup version 0.21.1-1-g345015f (webtiles) character file.

7656 timruff the Carver (level 11, 0/84 HPs)
             Began as a Formicid Fighter on July 23, 2018.
             Succumbed to a meliai's poison
             ... on level 15 of the Dungeon.
             The game lasted 00:32:26 (8481 turns).

timruff the Carver (Formicid Fighter)               Turns: 8481, Time: 00:32:26

Health: 0/84       AC: 16    Str: 24    XL:     11   Next: 41%
Magic:  11/11      EV:  7    Int: 12    God:
Gold:   381        SH: 12    Dex: 10    Spells: 10/10 levels left

rFire    . . .     SeeInvis +   E - +2 great sword
rCold    . . .     Gourm    .   c - +0 shield
rNeg     . . .     Faith    .   j - +0 plate armour
rPois    .         Spirit   .   (helmet unavailable)
rElec    .         Reflect  .   (no cloak)
rCorr    .         Harm     .   u - +0 pair of gloves
MR       ++...                  q - +0 pair of boots
Stlth    ..........             (no amulet)
HPRegen  0.24/turn              n - +4 ring of intelligence
MPRegen  0.12/turn              y - ring of protection from magic

@: lethally poisoned (0 -> -10)
A: permanent stasis, dig shafts and tunnels, four strong arms, antennae 3
a: Dig, Shaft Self


You were on level 15 of the Dungeon.
You were not hungry.

You visited 1 branch of the dungeon, and saw 12 of its levels.

You collected 381 gold pieces.

Inventory:

Hand Weapons
 a - a +2 long sword
 E - a +2 great sword (weapon)
Armour
 b - a +0 scale mail
 c - a +0 shield (worn)
 h - a +0 chain mail
 j - a +0 plate armour (worn)
 q - a +0 pair of boots (worn)
 u - a +0 pair of gloves (worn)
Jewellery
 n - a +4 ring of intelligence (left hand)
 y - a ring of protection from magic (right hand)
 z - an uncursed ring of positive energy {unknown}
Wands
 D - a wand of flame (33)
 G - a wand of iceblast (10)
 H - a wand of paralysis (12)
 I - a wand of digging (10)
Scrolls
 g - 4 scrolls of identify
 i - 9 scrolls of remove curse
 o - a scroll of enchant weapon
 p - 2 scrolls of immolation {unknown}
 s - 2 scrolls of magic mapping
 v - a scroll of vulnerability {unknown}
 w - 2 scrolls of blinking {unknown}
 A - a scroll of fog {unknown}
 F - 2 scrolls of amnesia {unknown}
Potions
 d - 2 potions of might
 k - a potion of flight {unknown}
 m - 2 potions of haste {unknown}
 r - a potion of brilliance {unknown}
 x - a potion of cancellation {unknown}
 B - a potion of agility
 C - a potion of degeneration {unknown}
Books
 t - a book of Misfortune

   Spells                             Type                      Level
   a - Confusing Touch                Hexes                        1
   b - Confuse                        Hexes                        3
   c - Gell's Gravitas                Translocation                3
   d - Petrify                        Transmutation/Earth          4
   e - Metabolic Englaciation         Hexes/Ice                    5
   f - Yara's Violent Unravelling     Hexes/Transmutation          5
Comestibles
 f - 5 rations


   Skills:
 + Level 7.5 Fighting
 + Level 11.7 Long Blades
 + Level 8.3 Armour
 + Level 1.1 Dodging
 + Level 0.6 Stealth
 + Level 10.0 Shields


You had 10 spell levels left.
You didn't know any spells.

Dungeon Overview and Level Annotations

Branches:
Dungeon (15/15)            Depths (0/5) D:15
 Temple: D:4-7         Lair: D:8-11         Orc: D:9-12      Vaults: D:13-14

Altars:
Qazlal
Wu Jian

Shops:
D:14 (

Annotations:
D:14 Nessos


Innate Abilities, Weirdness & Mutations

You cannot be hasted, slowed, berserked, paralysed or teleported.
You can dig through walls and to a lower floor.
Your four strong arms can wield two-handed weapons with a shield.
You have a pair of large antennae on your head. (SInv)


Message History

You feel much better.
You feel sick.
A white ugly thing comes into view.
You feel sick.
The white ugly thing gurgles horribly!
The white ugly thing barely misses you.
You riposte.
You hit the white ugly thing.
The white ugly thing is lightly wounded.
You slash the white ugly thing!
The white ugly thing is lightly wounded.
You feel sick. The white ugly thing tail-slaps you!
The white ugly thing freezes you!!
* * * LOW HITPOINT WARNING * * *
A white ugly thing comes into view.
* * * LOW HITPOINT WARNING * * *
You feel sick.
* * * LOW HITPOINT WARNING * * *
You feel sick.
Okay, then.
Okay, then.
You die...

.....#.#.... .u........
#....... #.u....#
##......# #.......# #
#......u# .#
#.......####.### ###
#.......@....... ...
#......#......## #####
#......#......#
....#.###......#......#
###.#.#.............###
#.#.#.#############
#.#.#.# #.#.#.#
#.#.#.###########


You could see 3 ugly things.

Vanquished Creatures
  A centaur warrior (D:15)
  A two-headed ogre (D:10)
  An unseen horror (D:10)
  A phantasmal warrior (D:15)
  A wolf spider zombie (D:15)
  2 cyclopes (D:15)
  A slime creature (D:6)
  A troll (D:10)
  A centaur simulacrum (D:15)
  A wyvern (D:10)
  A vampire mosquito (D:13)
  Edmund (D:4)
  A warg (D:10)
  An orc warrior (D:4)
  A black bear (D:10)
  2 phantoms (D:5)
  The ghost of Ymberto the Bolt Thrower, an amateur HuHu (D:3)
  5 ogres
  3 big kobolds
  9 bullfrogs
  A scorpion (D:5)
  5 wights
  2 howler monkeys (D:12)
  2 crimson imps
  A bullfrog zombie (D:7)
  5 jellies
  3 orc priests
  6 orc wizards
  3 bullfrog skeletons
  An iguana (D:5)
  Natasha (thrice) (D:4)
  A worker ant (D:2)
  2 hound skeletons
  Robin (D:2)
  5 gnolls
  6 adders
  A river rat (D:4)
  7 oozes
  An adder skeleton (D:6)
  2 worms (D:2)
  2 dart slugs
  3 leopard geckos
  28 orcs
  7 bats
  5 giant cockroaches
  10 hobgoblins
  9 jackals
  A quokka (D:5)
  A ball python (D:3)
  3 frilled lizards
  18 goblins
  15 kobolds
  8 rats
204 creatures vanquished.

Vanquished Creatures (others)
  8 toadstools (D:6)
  A withered plant (D:7)
9 creatures vanquished.

Grand Total: 213 creatures vanquished

Notes
Turn   | Place    | Note
-------+----------+-------------------------------------------
     0 | D:1      | timruff the Formicid Fighter began the quest for the Orb.
     0 | D:1      | Reached XP level 1. HP: 18/18 MP: 1/1
    85 | D:1      | Reached XP level 2. HP: 9/24 MP: 2/2
   680 | D:1      | Reached XP level 3. HP: 27/29 MP: 3/3
  1319 | D:2      | Reached XP level 4. HP: 30/37 MP: 4/4
  1525 | D:2      | Noticed Robin
  1566 | D:2      | Killed Robin
  1585 | D:2      | Reached skill level 3 in Long Blades
  1614 | D:2      | Reached XP level 5. HP: 33/42 MP: 5/5
  1935 | D:3      | Reached skill level 5 in Shields
  1944 | D:3      | Reached XP level 6. HP: 34/48 MP: 6/6
  2085 | D:3      | Reached skill level 4 in Long Blades
  2167 | D:3      | Noticed Ymberto's ghost (amateur HuHu)
  2211 | D:3      | Killed Ymberto's ghost
  2211 | D:3      | Reached XP level 7. HP: 46/54 MP: 7/7
  2591 | D:3      | Found a stormy altar of Qazlal.
  2669 | D:4      | Noticed Edmund
  2687 | D:4      | Killed Edmund
  2687 | D:4      | Reached skill level 5 in Long Blades
  2687 | D:4      | Reached skill level 5 in Armour
  2723 | D:4      | You fall through a shaft!
  2723 | D:5      | Entered Level 5 of the Dungeon
  3038 | D:5      | Reached XP level 8. HP: 61/61 MP: 8/8
  3531 | D:5      | Reached skill level 6 in Long Blades
  3772 | D:4      | Noticed Natasha
  3794 | D:4      | Killed Natasha
  4011 | D:4      | Noticed Natasha
  4016 | D:4      | Killed Natasha
  4077 | D:4      | Noticed Natasha
  4089 | D:4      | Killed Natasha
  4478 | D:5      | Reached skill level 7 in Long Blades
  4504 | D:5      | Reached skill level 5 in Fighting
  4507 | D:5      | Reached XP level 9. HP: 50/68 MP: 9/9
  4819 | D:6      | Found an ornate altar of the Wu Jian Council.
  4938 | D:6      | Reached skill level 8 in Long Blades
  5230 | D:6      | Noticed a slime creature
  5230 | D:6      | Noticed a slime creature
  5245 | D:6      | Killed a large slime creature
  5245 | D:6      | Reached skill level 1 in Dodging
  5434 | D:6      | Reached skill level 9 in Long Blades
  5664 | D:7      | You fall through a shaft for 3 floors!
  5664 | D:10     | Entered Level 10 of the Dungeon
  5899 | D:10     | Noticed a troll
  5912 | D:10     | Killed a troll
  5912 | D:10     | Reached XP level 10. HP: 41/76 MP: 10/10
  6250 | D:10     | Noticed an unseen horror
  6310 | D:10     | Killed an unseen horror
  6310 | D:10     | Reached skill level 10 in Long Blades
  6541 | D:10     | Noticed a two-headed ogre
  6554 | D:10     | Killed a two-headed ogre
  6633 | D:10     | You fall through a shaft for 3 floors!
  6646 | D:13     | Noticed a deep elf mage
  6665 | D:14     | Noticed Nessos
  6920 | D:12     | Noticed an eight-headed hydra
  6924 | D:12     | You fall through a shaft for 3 floors!
  6924 | D:15     | Entered Level 15 of the Dungeon
  7212 | D:15     | Reached skill level 11 in Long Blades
  7212 | D:15     | Reached XP level 11. HP: 41/83 MP: 11/11
  7407 | D:15     | Noticed a centaur warrior
  7421 | D:15     | Killed a centaur warrior
  7658 | D:15     | Noticed a cyclops
  7676 | D:15     | Killed a cyclops
  7850 | D:15     | Noticed a cyclops
  7864 | D:15     | Killed a cyclops
  8102 | D:15     | Found a staircase to the Depths.
  8102 | D:15     | Noticed a phantasmal warrior
  8131 | D:15     | Killed a phantasmal warrior
  8131 | D:15     | Reached skill level 10 in Shields
  8455 | D:14     | Found Meicrydgh's Antique Weapon Shop.
  8472 | D:14     | You fall through a shaft!
  8472 | D:15     | Noticed a white ugly thing
  8477 | D:15     | Noticed a white ugly thing
  8478 | D:15     | HP: 4/84 [white ugly thing (35)]
  8479 | D:15     | Noticed a white ugly thing
  8481 | D:15     | Succumbed to a meliai's poison

Skill      XL: |  1  2  3  4  5  6  7  8  9 10 11 |
---------------+----------------------------------+-----
Shields        | 4 5 6 7 9 10 | 10.0
Armour         | 4 5 6 7 8 |  8.3
Long Blades    | 3 4 5 7 9 11 | 11.7
Fighting       | 4 5 6 7 |  7.5
Dodging        | 1 |  1.1
Stealth        | |  0.6

Action                   |  1- 3 |  4- 6 |  7- 9 | 10-12 || total
-------------------------+-------+-------+-------+-------++-------
Melee: Long sword        |    74 |   174 |   268 |       ||   516
       Great sword       |       |       |   130 |   180 ||   310
 Abil: Shaft Self        |       |       |     2 |     3 ||     5
  Use: Scroll            |     4 |     4 |     2 |       ||    10
       Potion            |       |       |     3 |     6 ||     9
  Eat: Chunk             |     1 |     3 |     3 |       ||     7
       Ration            |       |       |     4 |     2 ||     6
Armor: Scale mail        |     4 |       |       |       ||     4
       Chain mail        |    43 |       |       |       ||    43
       Plate armour      |       |    85 |   179 |   107 ||   371
Dodge: Dodged            |    18 |    43 |    94 |    62 ||   217
Block: Shield            |    53 |   101 |   227 |   150 ||   531
       Rpst.: Long sword |     7 |    15 |    17 |       ||    39
       Great sword       |       |       |    11 |    15 ||    26
